 Dungeon Crawl Stone Soup version 0.23-a0-139-ga22e90c (webtiles) character file.

216 TheOrbIsALie the Insei (level 5, -6/35 HPs)
             Began as a Demonspawn Air Elementalist on Aug 30, 2018.
             Mangled by an ogre
             ... wielding a cursed -1 giant spiked club
              (25 damage)
             ... on level 4 of the Dungeon.
             The game lasted 00:07:31 (2804 turns).

TheOrbIsALie the Insei (DsAE)                       Turns: 2804, Time: 00:07:32

Health: -6/35      AC:  3    Str: 14    XL:     5   Next: 61%
Magic:  4/8        EV: 12    Int: 20    God:
Gold:   178        SH:  0    Dex: 13    Spells: 7/8 levels left

rFire    . . .     SeeInvis +     - Unarmed
rCold    . . .     Gourm    .   (no shield)
rNeg     . . .     Faith    .   a - +1 robe
rPois    .         Spirit   .   (no helmet)
rElec    .         Reflect  .   (no cloak)
rCorr    .         Harm     .   (no gloves)
MR       .....                  (no boots)
Stlth    ++........             f - amulet of regeneration
HPRegen  0.51/turn              j - ring of see invisible
MPRegen  0.11/turn              l - +3 ring of intelligence

@: mighty
A: claws 1
a: no special abilities


You were on level 4 of the Dungeon.
You were not hungry.

You visited 1 branch of the dungeon, and saw 4 of its levels.

You collected 178 gold pieces.

Inventory:

Armour
 a - a +1 robe (worn)
Jewellery
 f - an amulet of regeneration (around neck)
 j - a ring of see invisible (left claw)
 l - a +3 ring of intelligence (right claw)
Scrolls
 b - a scroll of random uselessness {unknown}
 e - a scroll of remove curse
 h - 3 scrolls of identify
 i - a scroll of magic mapping {unknown}
 m - 2 scrolls of teleportation {unknown}
 n - a scroll of fog {unknown}
Potions
 k - a potion of heal wounds {unknown}
 o - a potion of flight {unknown}
Comestibles
 c - a ration
 g - 3 chunks of flesh


   Skills:
 - Level 1.7 Dodging
 - Level 1.7 Stealth
 + Level 4.6 Unarmed Combat
 - Level 2.0 Spellcasting
 - Level 2.1 Conjurations
 - Level 2.6 Air Magic


You had 7 spell levels left.
You knew the following spells:

 Your Spells              Type           Power        Failure   Level  Hunger
a - Shock                 Conj/Air       ##..         6%          1    #......

Your spell library contained the following spells:

 Spells                   Type           Power        Failure   Level  Hunger
 Swiftness                Chrm/Air       #.......     14%         2    ##.....
 Static Discharge         Conj/Air       ##......     19%         3    ###....
 Airstrike                Air            ##........   45%         4    #####..
 Lightning Bolt           Conj/Air       ##........   86%         5    ######.


Dungeon Overview and Level Annotations

Branches:
Dungeon (4/15)
 Temple: D:4-7

Altars:

Annotations:
D:4 Dowan


Innate Abilities, Weirdness & Mutations

You have sharp fingernails.


Message History

A gnoll comes into view.
The gnoll throws a throwing net.
The throwing net barely misses you.
Your magical contamination has completely faded away.
Casting: Shock (safe; 6% risk of failure)
Confirm with . or Enter, or press ? or * to list all spells.
Aiming: Shock (safe; 6% risk of failure)
Press: ? - help, Shift-Dir - straight line, f - ogre
Aim: an ogre, wielding a giant spiked club (heavily wounded)
The zap misses the ogre.
The zap hits the gnoll.
The gnoll is heavily wounded.
The zap hits the gnoll.
The gnoll is severely wounded.
You barely miss the ogre.
The ogre is heavily wounded.
The ogre completely misses you.
You claw the ogre!
The ogre is severely wounded.
The ogre hits you with a giant spiked club!!
Ouch! That really hurt!
You die...

#####.#####...##.##
## .# # #.#
###.....## ..# ..##
# #.# ###....###
#.# ..# # #.#
##...g.# #.# .%# #
#.## #.#...####.#
#.# #..#
#g###g..##.####.#
##.# #g#
##........g.#
.........# #O#
###...###..#
###......# #@#
#(.......##
#......#
#.......##........#
#......#
#.......##.(......#
#......#
#.......##........#
########
#.......##........#
###################


You could see an ogre and 2 gnolls.

Vanquished Creatures
  A hound (D:4)
  6 gnolls (D:2)
  5 adders
  An ooze (D:2)
  An adder zombie (D:3)
  A worm (D:2)
  2 dart slugs
  4 orcs (D:3)
  4 bats
  5 giant cockroaches
  8 goblins
  7 hobgoblins
  4 jackals (D:1)
  7 kobolds
  4 frilled lizards
  A quokka skeleton (D:4)
  8 rats
69 creatures vanquished.

Notes
Turn   | Place    | Note
-------+----------+-------------------------------------------
     0 | D:1      | TheOrbIsALie the Demonspawn Air Elementalist began the
                  | quest for the Orb.
     0 | D:1      | Reached XP level 1. HP: 13/13 MP: 3/3
   117 | D:1      | Gained mutation: You have sharp fingernails. [demonic
                  | ancestry]
   117 | D:1      | Reached XP level 2. HP: 12/19 MP: 3/5
   465 | D:1      | Reached skill level 1 in Unarmed Combat
   851 | D:2      | Reached XP level 3. HP: 24/24 MP: 3/6
  1122 | D:2      | HP: 1/24 [gnoll/spear (7)]
  1147 | D:2      | Reached skill level 2 in Unarmed Combat
  1187 | D:2      | Reached XP level 4. HP: 9/30 MP: 0/7
  1366 | D:2      | Reached skill level 3 in Unarmed Combat
  1896 | D:3      | Reached XP level 5. HP: 35/35 MP: 0/8
  2073 | D:3      | Reached skill level 4 in Unarmed Combat
  2602 | D:4      | Noticed Dowan
  2775 | D:4      | Noticed an ogre
  2804 | D:4      | Mangled by an ogre

Vault maps used:
D:1:      mrwooster_arrival_arrow
D:3:      minmay_hedge_maze
D:4:      minmay_temple_entry_enclosed_plants, first_ration, uniq_duvessa,
          uniq_grinder

Skill      XL: |  1  2  3  4  5 |
---------------+----------------+-----
Conjurations   | 2 |  2.1
Unarmed Combat | 1 2 3 4 |  4.6
Dodging        | |  1.7
Stealth        | |  1.7
Spellcasting   | |  2.0
Air Magic      | |  2.6

Action                   |  1- 3 |  4- 6 || total
-------------------------+-------+-------++-------
Melee: Unarmed           |    25 |    46 ||    71
       Punch             |       |     1 ||     1
 Cast: Shock             |    51 |   102 ||   153
  Use: Potion            |     4 |     1 ||     5
       Scroll            |     2 |     1 ||     3
 Stab: Sleeping          |       |     1 ||     1
  Eat: Chunk             |     1 |     7 ||     8
Armor: Robe              |     2 |    10 ||    12
       Skin              |     9 |       ||     9
Dodge: Dodged            |    26 |    39 ||    65

Table legend:
 A = Non-vault XP
 B = Vault XP
 C = Vault XP percentage of total XP
 D = Non-vault monster count
 E = Vault monster count
 F = Vault count percentage of total count
                 A         B        C        D         E       F
            +---------+---------+-------+---------+---------+-------
      Total |     309 |       0 |   0.0 |      69 |       0 |   0.0
            +---------+---------+-------+---------+---------+-------
        D:1 |      38 |       0 |   0.0 |      20 |       0 |   0.0
        D:2 |     125 |       0 |   0.0 |      18 |       0 |   0.0
        D:3 |      89 |       0 |   0.0 |      27 |       0 |   0.0
        D:4 |      57 |       0 |   0.0 |       4 |       0 |   0.0
            +---------+---------+-------+---------+---------+-------
